 Dungeon Crawl Stone Soup version 0.21.1-1-g345015f (webtiles) character file.

1168 letownia2 the Destroyer (level 8, 48/48 HPs)
             Began as a Tengu Air Elementalist on Mar 3, 2018.
             Quit the game in the Ecumenical Temple.
             The game lasted 00:19:53 (2605 turns).

letownia2 the Destroyer (Tengu Air Elementalist)    Turns: 2605, Time: 00:19:54

Health: 48/48      AC:  6    Str:  9    XL:     8   Next: 40%
Magic:  14/14      EV: 14    Int: 17    God:
Gold:   137        SH:  0    Dex: 15    Spells: 9/13 levels left

rFire    . . .     SeeInvis +   t - +1 mace (protect)
rCold    . . .     Gourm    .   (no shield)
rNeg     . . .     Faith    .   z - +0 leather armour
rPois    .         Spirit   .   (helmet restricted)
rElec    .         Reflect  .   (no cloak)
rCorr    .         Harm     .   h - +2 pair of gloves
MR       .....                  (boots unavailable)
Stlth    ++........             (no amulet)
HPRegen  0.16/turn              p - ring of see invisible
MPRegen  0.14/turn              (no ring)

@: no status effects
A: beak, talons 3, able to fly 1
a: Fly


You were in the Ecumenical Temple.
You were hungry.

You visited 2 branches of the dungeon, and saw 8 of its levels.

You collected 214 gold pieces.
You spent 77 gold pieces at shops.

Inventory:

Hand Weapons
 l - a +0 short sword
 s - a cursed -2 whip
 t - a +1 mace of protection (weapon)
 y - a +0 spear
Missiles
 x - a throwing net (quivered)
Armour
 a - a +0 robe
 g - a +0 ring mail
 h - a +2 pair of gloves (worn)
 z - a +0 leather armour (worn)
Jewellery
 n - an uncursed amulet of guardian spirit
 p - a ring of see invisible (left hand)
Wands
 o - a wand of random effects (33)
Scrolls
 d - 3 scrolls of identify
 e - 3 scrolls of remove curse
 k - 7 scrolls of teleportation
 q - a scroll of magic mapping
 r - 2 scrolls of immolation {unknown}
 v - a scroll of enchant weapon {unknown}
 w - a scroll of fog {unknown}
 A - a scroll of blinking {unknown}
 B - a scroll of amnesia {unknown}
Potions
 f - a potion of ambrosia
 i - a potion of invisibility
 j - 4 potions of curing
 m - a potion of cancellation
 u - 3 potions of heal wounds
 C - a potion of mutation {unknown}
Books
 b - a book of Air

   Spells                             Type                      Level
   a - Shock                          Conjuration/Air              1
   b - Swiftness                      Charms/Air                   2
   c - Static Discharge               Conjuration/Air              3
   d - Airstrike                      Air                          4
   e - Lightning Bolt                 Conjuration/Air              5
Comestibles
 c - 8 rations
 D - 7 chunks of flesh


   Skills:
 - Level 4.3 Fighting
 - Level 2.0 Armour
 - Level 4.2 Dodging
 - Level 2.0 Stealth
 - Level 3.4 Spellcasting
 + Level 9.1 Conjurations
 - Level 4.0 Air Magic


You had 9 spell levels left.
You knew the following spells:

 Your Spells              Type           Power        Failure   Level  Hunger
a - Shock                 Conj/Air       ####         1%          1    None
d - Static Discharge      Conj/Air       ####....     4%          3    ###....


Dungeon Overview and Level Annotations

Branches:
Dungeon (7/15)             Temple (1/1) D:7

Altars:
Ashenzari
Cheibriados
Dithmenos
Elyvilon
Fedhas
Gozag
Makhleb
Nemelex Xobeh
Okawaru
Qazlal
Ru
Uskayaw
The Shining One

Shops:
D:4 **(*?

Portals:
Sewer: D:6

Annotations:
D:3 Xelenos's ghost, amateur DsGl


Innate Abilities, Weirdness & Mutations

You have a beak for a mouth.
You have claws for feet.
You can fly.


Message History

Found a snail-covered altar of Cheibriados.
There is a blossoming altar of Fedhas here.
There is a snail-covered altar of Cheibriados here.
Found a sacrificial altar of Ru.
Found a hide-covered altar of Uskayaw.
Found a burning altar of Makhleb.
Found a shattered altar of Ashenzari.
Found a sparkling altar of Nemelex Xobeh.
There is a sparkling altar of Nemelex Xobeh here.
Found a white marble altar of Elyvilon.
There is a white marble altar of Elyvilon here.
Are you sure you want to abandon this character and quit the game? (Confirm with "yes".)
Okay, then.
Unknown command.
Press < or > to pray at altars.
Unknown command.
Press < or > to pray at altars.
Unknown command.
Press < or > to pray at altars.
Are you sure you want to abandon this character and quit the game? (Confirm with "yes".)

#############
#####...........#####
####...................#
#............8..........
.......@..........._....
##.............b.............
##..............#######......_
##............####;;;≈≈####....
#...........###≈;≈;;≈≈≈≈≈≈###..
##....._....##≈≈≈≈≈≈≈#≈≈≈≈≈≈≈##.
#..........##≈≈≈≈≈≈≈≈≈≈≈≈≈≈≈≈≈##
#..........#≈≈≈≈≈≈≈≈≈≈≈≈≈≈≈≈≈≈≈#
#....<.....#≈≈≈#≈≈≈≈≈≈≈≈≈≈≈#≈≈≈#


You could see 6 electric eels.

Vanquished Creatures
  Menkaure (D:4)
  A phantom (D:5)
  An ogre (D:5)
  A centaur (D:6)
  2 bullfrogs (D:6)
  3 scorpions
  2 howler monkeys (D:4)
  A centaur skeleton (D:5)
  2 orc priests (D:5)
  A hound (D:5)
  A jelly (D:5)
  An orc wizard (D:5)
  An iguana (D:5)
  2 worker ants (D:4)
  3 gnolls (D:6)
  11 adders
  A shadow imp (D:6)
  2 adder zombies
  A worm (D:3)
  3 leopard geckos
  13 orcs
  2 giant cockroaches
  5 hobgoblins
  3 kobolds
  A quokka (D:6)
  2 frilled lizards
  3 goblins
  2 quokka skeletons (D:4)
  A rat (D:2)
73 creatures vanquished.

Notes
Turn   | Place    | Note
-------+----------+-------------------------------------------
     0 | D:1      | letownia2 the Tengu Air Elementalist began the quest for the Orb.
     0 | D:1      | Reached XP level 1. HP: 10/10 MP: 4/4
    63 | D:1      | Reached skill level 3 in Conjurations
    63 | D:1      | Reached XP level 2. HP: 8/15 MP: 0/6
   156 | D:2      | Found a shadowy altar of Dithmenos.
   171 | D:2      | Found an iron altar of Okawaru.
   184 | D:2      | Reached skill level 4 in Conjurations
   184 | D:2      | Reached XP level 3. HP: 15/19 MP: 2/7
   193 | D:2      | Learned a level 3 spell: Static Discharge
   271 | D:3      | Noticed Xelenos's ghost (amateur DsGl)
   660 | D:3      | Reached XP level 4. HP: 23/24 MP: 1/8
   780 | D:4      | Reached skill level 1 in Fighting
   780 | D:4      | Reached skill level 1 in Armour
   861 | D:4      | Gained mutation: You can fly. [Tengu growth]
   861 | D:4      | Reached XP level 5. HP: 25/29 MP: 1/9
   924 | D:4      | Found Wajaam's General Store.
   934 | D:4      | Found Doisopra's Weapon Shoppe.
   946 | D:4      | Bought a scroll of magic mapping for 38 gold pieces
  1019 | D:4      | Found Xiokhlah's Magic Scroll Shop.
  1024 | D:4      | Bought a scroll of teleportation for 39 gold pieces
  1109 | D:4      | Reached skill level 5 in Conjurations
  1135 | D:4      | Noticed Menkaure
  1141 | D:4      | Killed Menkaure
  1141 | D:4      | Reached XP level 6. HP: 19/36 MP: 2/11
  1164 | D:4      | Found a shadowy altar of Dithmenos.
  1329 | D:5      | Entered Level 5 of the Dungeon
  1329 | D:5      | Noticed a phantom
  1414 | D:4      | Found Lifer's Assorted Antiques.
  1447 | D:4      | Found Wipeink's General Store.
  1494 | D:5      | Reached skill level 6 in Conjurations
  1494 | D:5      | Reached XP level 7. HP: 22/41 MP: 7/12
  1752 | D:5      | Found a glowing golden altar of the Shining One.
  1879 | D:5      | Reached skill level 7 in Conjurations
  1879 | D:5      | Reached XP level 8. HP: 21/48 MP: 0/14
  2174 | D:6      | Found a glowing drain.
  2190 | D:6      | Reached skill level 8 in Conjurations
  2298 | D:6      | Found an opulent altar of Gozag.
  2487 | D:6      | Reached skill level 9 in Conjurations
  2545 | D:7      | Found a staircase to the Ecumenical Temple.
  2552 | Temple   | Entered the Ecumenical Temple
  2605 | Temple   | Quit the game

Skill      XL: |  1  2  3  4  5  6  7  8 |
---------------+-------------------------+-----
Conjurations   | 3 4 5 6 7 9 |  9.1
Fighting       | 1 2 3 4 |  4.3
Armour         | 1 2 |  2.0
Dodging        | 3 4 |  4.2
Spellcasting   | 3 |  3.4
Stealth        | |  2.0
Air Magic      | |  4.0

Action                   |  1- 3 |  4- 6 |  7- 9 || total
-------------------------+-------+-------+-------++-------
Melee: Short sword       |     4 |     5 |       ||     9
       Kick              |     1 |     4 |     4 ||     9
       Peck              |     1 |       |     4 ||     5
       Mace              |       |     6 |    25 ||    31
       Unarmed           |       |       |     2 ||     2
 Cast: Shock             |    36 |    50 |    87 ||   173
       Static Discharge  |       |       |     4 ||     4
Evoke: Wand              |       |     1 |     2 ||     3
  Use: Scroll            |       |     5 |     1 ||     6
 Stab: Sleeping          |       |     1 |     1 ||     2
  Eat: Chunk             |       |     2 |     4 ||     6
Armor: Robe              |     4 |     6 |    13 ||    23
       Leather armour    |       |       |     5 ||     5
Dodge: Dodged            |     9 |    33 |    52 ||    94
